 Seeded DCSS version 0.29.0-11-gd7f09526c8 (webtiles) character file.

Game seed: 3121381558354691732 (custom seed)

8 purpskrrrp the Chopper (level 2, 26/26 HPs)
             Began as a Hill Orc Fighter on Sept 7, 2022.
             Quit the game on level 1 of the Dungeon.
             The game lasted 00:01:58 (278 turns).

purpskrrrp the Chopper (Hill Orc Fighter)            Turns: 278, Time: 00:01:59

Health: 26/26      AC:  6    Str: 24    XL:     2   Next: 8%
Magic:  2/2        EV:  9    Int: 15    God:
Gold:   576        SH:  5    Dex: 14    Spells: 1/1 levels left

rFire   . . .      SeeInvis .   h - +7 war axe "Keicleti" {chaos, Int+7 Dex+4}
rCold   . . .      Faith    .   c - +0 buckler
rNeg    . . .      Spirit   .   b - +0 scale mail
rPois   .          Reflect  .   (no helmet)
rElec   .          Harm     .   (no cloak)
rCorr   .          Rampage  .   (no gloves)
Will    .....                   (no boots)
Stlth   ..........              (no amulet)
HPRegen 0.08/turn               g - +6 ring of strength
MPRegen 0.08/turn               (no ring)

@: studying Shields
A: no striking features
a: no special abilities


You were on level 1 of the Dungeon.
You visited 1 branch of the dungeon, and saw 1 of its levels.

You collected 576 gold pieces.

Inventory:

Hand Weapons
 a - a +0 war axe
 h - the +7 war axe "Keicleti" (weapon) {chaos, Int+7 Dex+4}
   (You acquired it on level 1 of the Dungeon)

   Each time it hits an enemy it has a different, random effect.
   Int:       It affects your intelligence (+7).
   Dex:       It affects your dexterity (+4).
Missiles
 f - 2 throwing nets (quivered)
Armour
 b - a +0 scale mail (worn)
 c - a +0 buckler (worn)
Jewellery
 g - a +6 ring of strength (left hand)
Scrolls
 e - a scroll of identify {unknown}
 i - a scroll of magic mapping {unknown}
Potions
 d - a potion of might


   Skills:
 - Level 3.6 Fighting
 + Level 3.7 Axes
 - Level 3.2 Armour
 - Level 3.2 Shields


You had one spell level left.
You didn't know any spells.
Your spell library contained the following spells:

 Spells                   Type           Power      Damage    Failure   Level
 Sting                    Tmut/Pois      0%         1d3       65%         1


Dungeon Overview and Level Annotations

Branches:
Dungeon (1/15)

Altars:


Message History

Found 3 stones.
Things that are here:
a +0 dagger; a rat corpse; a goblin corpse A bat is nearby!
A bat is nearby!
A bat is nearby!
The bat hits you but does no damage.
You miss the bat. The bat closely misses you. The bat barely misses you.
You barely miss the bat. The bat hits you but does no damage.
The bat barely misses you. You block the bat's attack.
You slash the bat! You freeze the bat.
You kill the bat!
You have reached level 2!
You are studying Shields.
Your movement speed is average.
Your attack delay is about 1.3.
Your base attributes are Str 18, Int 8, Dex 10.
i - a scroll labelled JERAGH ARUNWYFA A bat comes into view.
Found 6 poisoned darts.
A bat is nearby!
A bat is nearby!
A bat is nearby!
Found a silvery potion.
The bat hits you but does no damage.
You slash the bat! You burn the bat.
You kill the bat!
No target in view!
No target in view!
No target in view!
No target in view!
No target in view!
No target in view!
No target in view!
No target in view!
No target in view!
No target in view!
No target in view!
No target in view!
Unknown command.
Are you sure you want to abandon this character and quit the game? (Confirm with "yes".)

.......≈.≈.## #...#.
....≈.≈..§§...#######...
..≈.....≈...≈.......##.#
≈....≈....≈...#####.##..
..≈.....≈...≈.).........
....≈.≈.......##########
.≈.......≈.≈..###
...≈...≈..........
≈....≈†@..≈....### #
!..≈...≈.........#
.≈.......≈.§..##.#
....≈.§(......# .#
..≈.....≈...≈.# #
≈....≈?...≈...#
..≈§.§..≈....##
#..§≈§≈....(..


There were no monsters in sight!

Vanquished Creatures
  An endoplasm (D:1)
  2 goblins (D:1)
  2 bats (D:1)
  A frilled lizard (D:1)
  2 rats (D:1)
8 creatures vanquished.

Notes
Turn   | Place    | Note
-------+----------+-------------------------------------------
     0 | D:1      | purpskrrrp the Hill Orc Fighter began the quest for the
                  | Orb.
     0 | D:1      | Reached XP level 1. HP: 19/19 MP: 1/1
   190 | D:1      | Found a faded altar of an unknown god.
   194 | D:1      | Got Plato's Secrets of Vitiation
   200 | D:1      | Identified 3 scrolls of acquirement
   200 | D:1      | Acquired the +7 war axe "Keicleti" {chaos, Int+7 Dex+4}
   203 | D:1      | Acquired a manual of Shields
   205 | D:1      | Acquired 525 gold pieces
   272 | D:1      | Reached XP level 2. HP: 26/26 MP: 2/2
   278 | D:1      | Quit the game

Illustrated notes

Levels and vault maps discovered:
D:1:      minmay_arrival_glassed_features, layout_loops_ring,
          shapermc_ecumenical_altar_rom_forum, nicolae_kite_square_tiling_tiny

Skill      XL: |  1 |
---------------+----+-----
Axes           | 3 |  3.7
Fighting       | |  3.6
Armour         | |  3.2
Shields        | |  3.2

Action                   || total
-------------------------++-------
Melee: War axe           ||    16
  Use: Scroll            ||     3
Armor: Scale mail        ||     6
Dodge: Dodged            ||     9
Block: Buckler           ||     3
